Workbook

Sheet ORÇAMENTO
A1: PLANILHA ORÇAMENTÁRIA - MUNICÍPIO DE ÁGUAS DA PRATA
A3: ESTUDOS E PROJETOS DE MICRODRENAGEM | G3: Ref: SINAPI (Boletim 06.25) - Desonerado CDHU (Boletim 198 - 05.25) - Desonerado
A4: PREFEITURA DA ESTÂNCIA HIDROMINERAL DE ÁGUAS DA PRATA
A5: MICROBACIA 03, 04 E 05 | G5: Data Base: 05/2025 E 06/2025
A6: ENCARGOS SOCIAIS: 124,21%
A7: Código | C7: Item | D7: Descrição | E7: Unid. | F7: Quant. | G7: Valor Unitário | H7: Valor Unitário c/ BDI | I7: Valor Total
A8: SINAPI | B8: CDHU
A9: 1 | D9: Serviços Preliminares
A10: 98458 | B10: - | C10: 1.1. | D10: Tapume compensado de madeira (4 utilizações) | E10: m² | F10: 60 | G10: 92.89 | H10: =ROUND(G10*1.2421,2) -> 115.38 | I10: =ROUND(H10*F10,2) -> 6922.8
A11: - | B11: 02.10.040 | C11: 1.2. | D11: Locação de rede de canalização | E11: m | F11: 165 | G11: 1.46 | H11: =ROUND(G11*1.2421,2) -> 1.81 | I11: =ROUND(H11*F11,2) -> 298.65
A12: 103689 | B12: - | C12: 1.3. | D12: Fornecimento e instalação de placa de obra com chapa galvanizada e estrutura de madeira | E12: m² | F12: 24 | G12: 470.33 | H12: =ROUND(G12*1.2421,2) -> 584.2 | I12: =ROUND(H12*F12,2) -> 14020.8
A13: Sub Total | I13: =I12+I11+I10 -> 21242.25
A14: 2 | D14: Movimento de terra - Galeria de águas pluviais e Escada Hidráulica
A15: 2.1. | D15: Escavação e demolição
A16: 102278 | B16: - | C16: 2.1.1. | D16: Escavação mecanizada de vala com profundidade maior que 1,50 até 3,00m, escavadeira (0,8 m³), largura de 1,50 m a 2,50 m, em solo de 1ª categoria. (Coef. empolamento=30% | E16: m³ | F16: 238.42 | G16: 9.7 | H16: =ROUND(G16*1.2421,2) -> 12.05 | I16: =ROUND(H16*F16,2) -> 2872.96
A17: 97636 | B17: - | C17: 2.1.2. | D17: Demolição parcial de pavimento asfáltico, de forma mecanizada, sem reaproveitamento | E17: m² | F17: 106.5 | G17: 24.94 | H17: =ROUND(G17*1.2421,2) -> 30.98 | I17: =ROUND(H17*F17,2) -> 3299.37
A18: 104789 | B18: - | C18: 2.1.3. | D18: Demolição de piso de concreto simples, de forma manual, sem reaproveitamento | E18: m³ | F18: 32 | G18: 260.4 | H18: =ROUND(G18*1.2421,2) -> 323.44 | I18: =ROUND(H18*F18,2) -> 10350.08
A19: 2.2. | D19: Escoramento
A20: 101579 | B20: - | C20: 2.2.1. | D20: Escoramento de vala, tipo descontínuo,com profundidade de 1,50 a 3,00 m, largura maior ou igual a 1,50 m e menor que 2,50 m | E20: m² | F20: 293.2 | G20: 52.86 | H20: =ROUND(G20*1.2421,2) -> 65.66 | I20: =ROUND(H20*F20,2) -> 19251.51
A21: 2.3. | D21: Lastro para assentamento de tubulações
A22: 96624 | B22: - | C22: 2.3.1. | D22: Lastro com material granular (pedra britada n.2) | E22: m³ | F22: 7.88 | G22: 163.11 | H22: =ROUND(G22*1.2421,2) -> 202.6 | I22: =ROUND(H22*F22,2) -> 1596.49
A23: 2.4. | D23: Reaterro, apiloamento e compactação
A24: - | B24: 06.11.040 | C24: 2.4.1. | D24: Reaterro manual apiloado sem controle de compactação (Coef. compactação=20%) | E24: m³ | F24: 97 | G24: 19.07 | H24: =ROUND(G24*1.2421,2) -> 23.69 | I24: =ROUND(H24*F24,2) -> 2297.93
A25: - | B25: 07.11.020 | C25: 2.4.2. | D25: Reaterro compactado mecanizado de vala ou cava com compactador (Coef. compactação=20% | E25: m³ | F25: 88.67 | G25: 7.25 | H25: =ROUND(G25*1.2421,2) -> 9.01 | I25: =ROUND(H25*F25,2) -> 798.92
A26: - | B26: 07.11.040 | C26: 2.4.3. | D26: Reaterro compactado mecanizado de vala ou cava com rolo, mínimo de 95% PN (Coef. compactação=20% | E26: m³ | F26: 24.93 | G26: 21.57 | H26: =ROUND(G26*1.2421,2) -> 26.79 | I26: =ROUND(H26*F26,2) -> 667.87
A27: 2.5. | D27: Bota-fora
A28: - | B28: 05.10.010 | C28: 2.5.1 | D28: Carregamento mecanizado de solo de 1ª e 2ª categoria | E28: m³ | F28: 27.8 | G28: 6.44 | H28: =ROUND(G28*1.2421,2) -> 8 | I28: =ROUND(H28*F28,2) -> 222.4
A29: - | B29: 05.10.020 | C29: 2.5.2. | D29: Transporte de solo de 1ª e 2ª categoria por caminhão até o 2° km | E29: m³ | F29: 27.8 | G29: 8.87 | H29: =ROUND(G29*1.2421,2) -> 11.02 | I29: =ROUND(H29*F29,2) -> 306.36
A30: Sub Total | I30: =I29+I28+I26+I25+I24+I22+I20+I18+I17+I16 -> 41663.89
A31: 3 | D31: Infraestrutura
A32: 3.1. | D32: Poço de visita para águas pluviais
A33: - | B33: 49.12.110 | C33: 3.1.1. | D33: Poço de visita de 1,60 x 1,60 x 1,60 m - tipo PMSP | E33: Unid. | F33: 4 | G33: 6685.91 | H33: =ROUND(G33*1.2421,2) -> 8304.57 | I33: =ROUND(F33*H33,2) -> 33218.28
A34: - | B34: 49.12.120 | C34: 3.1.2. | D34: Chaminé para poço de visita tipo PMSP em alvenaria, diâmetro interno 70 cm - pescoço | E34: m | F34: 0.35 | G34: 722.77 | H34: =ROUND(G34*1.2421,2) -> 897.75 | I34: =ROUND(F34*H34,2) -> 314.21
A35: - | B35: 49.06.460 | C35: 3.1.3. | D35: Tampão em ferro fundido de 600 x 600 mm, classe B 125 (ruptura > 125 kN) | E35: Unid. | F35: 4 | G35: 497.06 | H35: =ROUND(G35*1.2421,2) -> 617.4 | I35: =ROUND(F35*H35,2) -> 2469.6
A36: 3.2. | D36: Bocas de lobo
A37: - | B37: 49.12.010 | C37: 3.2.1. | D37: Boca de lobo simples tipo PMSP com tampa de concreto | E37: Unid. | F37: 3 | G37: 3534.91 | H37: =ROUND(G37*1.2421,2) -> 4390.71 | I37: =ROUND(H37*F37,2) -> 13172.13
A38: - | B38: 49.12.030 | C38: 3.2.2. | D38: Boca de lobo dupla tipo PMSP com tampa de concreto | E38: Unid. | F38: 3 | G38: 5756.14 | H38: =ROUND(G38*1.2421,2) -> 7149.7 | I38: =ROUND(H38*F38,2) -> 21449.1
A39: 3.3. | D39: Muro de ala com rampa dentada | E39: Unid. | F39: 3
A40: 92411 | B40: - | C40: 3.3.1. | D40: Montagem e desmontagem de fôrma de pilares retangulares e estruturas similares, em madeira serrada, 2 utilizações | E40: m² | F40: 17.58 | G40: 172.78 | H40: =ROUND(G40*1.2421,2) -> 214.61 | I40: =ROUND(F40*H40,2) -> 3772.84
A41: - | B41: 11.18.020 | C41: 3.3.2. | D41: Lastro de areia | E41: m³ | F41: 3.18 | G41: 265.96 | H41: =ROUND(G41*1.2421,2) -> 330.35 | I41: =ROUND(F41*H41,2) -> 1050.51
A42: - | B42: 11.03.090 | C42: 3.3.3. | D42: Concreto preparado no local, fck = 20 Mpa | E42: m³ | F42: 15.39 | G42: 528.72 | H42: =ROUND(G42*1.2421,2) -> 656.72 | I42: =ROUND(F42*H42,2) -> 10106.92
A43: 102730 | B43: - | C43: 3.3.4. | D43: Armação de muro de ala e muro testa utilizando aço CA-50 de 10 mm - Massa nominal =0,617kg/m | E43: kg | F43: 120.13 | G43: 11.26 | H43: =ROUND(G43*1.2421,2) -> 13.99 | I43: =ROUND(F43*H43,2) -> 1680.62
A44: - | B44: 32.17.070 | C44: 3.3.5. | D44: Impermeabilização anticorrosiva em membrana epoxídica com alcatrão de hulha, sobre massa | E44: m² | F44: 38.1 | G44: 68.74 | H44: =ROUND(G44*1.2421,2) -> 85.38 | I44: =ROUND(F44*H44,2) -> 3252.98
A45: 3.4. | D45: Enrocamento
A46: - | B46: 11.18.140 | C46: 3.4.1. | D46: Lastro e/ou fundação em rachão mecanizado | E46: m³ | F46: 3.36 | G46: 260.51 | H46: =ROUND(G46*1.2421,2) -> 323.58 | I46: =ROUND(F46*H46,2) -> 1087.23
A47: Sub Total | I47: =I46+I44+I43+I42+I41+I40+I38+I37+I35+I34+I33 -> 91574.42
A48: 4 | D48: Fornecimento e assentamento de tubulação - Galeria de águas pluviais
A49: 4.1. | D49: Tubo de concreto - Trechos principais
A50: - | B50: 46.12.060 | C50: 4.1.1. | D50: Tubo de concreto (PA-2), DN= 400 mm | E50: m | F50: 96 | G50: 127.34 | H50: =ROUND(G50*1.2421,2) -> 158.17 | I50: =ROUND(F50*H50,2) -> 15184.32
A51: - | B51: 46.12.150 | C51: 4.1.2. | D51: Tubo de concreto (PA-2), DN= 600 mm | E51: m | F51: 7.5 | G51: 242.47 | H51: =ROUND(G51*1.2421,2) -> 301.17 | I51: =ROUND(F51*H51,2) -> 2258.78
A52: 4.2. | D52: Tubo de concreto - Ramais
A53: - | B53: 46.12.060 | C53: 4.2.1. | D53: Tubo de concreto (PA-2), DN= 400 mm | E53: m | F53: 32 | G53: 127.34 | H53: =ROUND(G53*1.2421,2) -> 158.17 | I53: =ROUND(F53*H53,2) -> 5061.44
A54: Sub Total | I54: =I53+I51+I50 -> 22504.54
A55: 5 | D55: Reconstrução de pavimento
A56: 5.1. | D56: Reconstrução de pavimento asfáltico
A57: - | B57: 54.03.240 | C57: 5.1.1. | D57: Imprimação betuminosa impermeabilizante | E57: m² | F57: 106.5 | G57: 13.68 | H57: =ROUND(G57*1.2421,2) -> 16.99 | I57: =ROUND(F57*H57,2) -> 1809.44
A58: - | B58: 54.03.230 | C58: 5.1.2. | D58: Imprimação betuminosa ligante | E58: m² | F58: 106.5 | G58: 6.66 | H58: =ROUND(G58*1.2421,2) -> 8.27 | I58: =ROUND(F58*H58,2) -> 880.76
A59: 95995 | B59: - | C59: 5.1.3. | D59: Execução de pavimento com aplicação de concreto asfáltico, camada de rolamento - exclusive carga e transporte - CBUQ (e=3cm) | E59: m³ | F59: 3.2 | G59: 1488.62 | H59: =ROUND(G59*1.2421,2) -> 1849.01 | I59: =ROUND(F59*H59,2) -> 5916.83
A60: 97914 | B60: - | C60: 5.1.4. | D60: Transporte com caminhão basculante de 6m³, em via urbana pavimentada - DMT até 30 km - DMT adotado = 25 KM - Densidade CBUQ= 2,34 t/m³ | E60: txkm | F60: 187.2 | G60: 3.11 | H60: =ROUND(G60*1.2421,2) -> 3.86 | I60: =ROUND(F60*H60,2) -> 722.59
A61: 5.2. | D61: Passeios
A62: 94990 | B62: - | C62: 5.2.1. | D62: Execução de passeio (calçada) ou piso de concreto com concreto moldado in loco, feito em obra, acabamento convencional, não armado | E62: m³ | F62: 0.8 | G62: 740.81 | H62: =ROUND(G62*1.2421,2) -> 920.16 | I62: =ROUND(F62*H62,2) -> 736.13
A63: Sub Total | I63: =SUM(I57:I62) -> 10065.75
A64: 6 | D64: Desmobilização e Limpeza
A65: - | B65: 55.01.020 | C65: 6.1. | D65: Limpeza final da obra | E65: m² | F65: 60 | G65: 14.31 | H65: =ROUND(G65*1.2421,2) -> 17.77 | I65: =ROUND(F65*H65,2) -> 1066.2
A66: - | B66: 55.01.030 | C66: 6.2. | D66: Limpeza complementar com hidrojateamento | E66: m² | F66: 12.6 | G66: 8.75 | H66: =ROUND(G66*1.2421,2) -> 10.87 | I66: =ROUND(F66*H66,2) -> 136.96
A67: Sub Total | I67: =I66+I65 -> 1203.16
A68: TOTAL COM BDI 24,21% | G68: =I67+I63+I54+I47+I30+I13 -> 188254.01
D70: Águas da Prata, 24de julho de 2025.
A75: ____________________________________
A76: Murilo Bolognesi de Andrade | G76: CARLOS HENRIQUE FORTES DEZENA
A77: Engenheiro Civil – CREA/SP: 5070640255 | G77: PREFEITO MUNICÍPAL
A78: Setor de Engenharia

Sheet CRONOG
A1: CRONOGRAMA FÍSICO-FINANCEIRO - PROJETO EXECUTIVO DE GALERIAS DE ÁGUAS PLUVIAIS - ESTÂNCIA HIDROMINERAL DE ÁGUAS DA PRATA
A2: ITEM | B2: DESCRIÇÃO | D2: A REALIZAR EM MESES | M2: CUSTO TOTAL
D3: 1 | F3: 2 | H3: 3 | J3: 4 | K3: 5 | L3: 6
A4: 1 | B4: Serviços Preliminares | D4: =ORÇAMENTO!I13/2 -> 10621.125 | L4: =D4 -> 10621.125 | M4: =SUM(D4:L4) -> 21242.25
A6: 2 | B6: Movimento de terra - Galeria de águas pluviais e Escada Hidráulica | D6: =ORÇAMENTO!$I$30/6 -> 6943.9817 | F6: =ORÇAMENTO!$I$30/6 -> 6943.9817 | H6: =ORÇAMENTO!$I$30/6 -> 6943.9817 | J6: =ORÇAMENTO!I30/6 -> 6943.9817 | K6: =ORÇAMENTO!I30/6 -> 6943.9817 | L6: =ORÇAMENTO!I30/6 -> 6943.9817 | M6: =SUM(D6:L6) -> 41663.89
A8: 3 | B8: Infraestrutura | D8: =ORÇAMENTO!$I$47/6 -> 15262.403 | F8: =ORÇAMENTO!$I$47/6 -> 15262.403 | H8: =ORÇAMENTO!$I$47/6 -> 15262.403 | J8: =ORÇAMENTO!$I$47/6 -> 15262.403 | K8: =ORÇAMENTO!$I$47/6 -> 15262.403 | L8: =ORÇAMENTO!$I$47/6 -> 15262.403 | M8: =SUM(D8:L8) -> 91574.42
A10: 4 | B10: Fornecimento e assentamento de tubulação - Galeria de águas pluviais | D10: =ORÇAMENTO!$I$54/6 -> 3750.7567 | F10: =ORÇAMENTO!$I$54/6 -> 3750.7567 | H10: =ORÇAMENTO!$I$54/6 -> 3750.7567 | J10: =ORÇAMENTO!$I$54/6 -> 3750.7567 | K10: =ORÇAMENTO!$I$54/6 -> 3750.7567 | L10: =ORÇAMENTO!$I$54/6 -> 3750.7567 | M10: =SUM(D10:L10) -> 22504.54
A12: 5 | B12: Reconstrução de pavimento | D12: =ORÇAMENTO!$I$63/6 -> 1677.625 | F12: =ORÇAMENTO!$I$63/6 -> 1677.625 | H12: =ORÇAMENTO!$I$63/6 -> 1677.625 | J12: =ORÇAMENTO!$I$63/6 -> 1677.625 | K12: =ORÇAMENTO!$I$63/6 -> 1677.625 | L12: =ORÇAMENTO!$I$63/6 -> 1677.625 | M12: =SUM(D12:L12) -> 10065.75
A14: 6 | B14: Desmobilização e Limpeza | L14: =ORÇAMENTO!I67 -> 1203.16 | M14: =SUM(D14:L14) -> 1203.16
A16: TOTAL COM BDI (24,21%) | D16: =SUM(D4:E14) -> 38255.892 | F16: =SUM(F4:G14) -> 27634.767 | H16: =SUM(H4:I14) -> 27634.767 | J16: =SUM(J4:J14) -> 27634.767 | K16: =SUM(K4:K14) -> 27634.767 | L16: =SUM(L4:L14) -> 39459.052 | M16: =SUM(M4:M14) -> 188254.01
A17: Águas da Prata, 14 de abril de 2025.
C22: ____________________________________
C23: Murilo Bolognesi de Andrade
C24: Engenheiro Civil – CREA/SP: 5070640255
C25: Setor de Engenharia
C31: CARLOS HENRIQUE FORTES DEZENA
C32: PREFEITO MUNICÍPAL

Sheet BDI
A1: ESTUDOS E PROJETOS DE MICRODRENAGEM
A2: ITEM | B2: BDI
A3: Administração Central | B3: 0.0493 | C3: AC
A4: Seguro | B4: 0.0049 | C4: S
A5: Garantia | B5: 0 | C5: G
A6: ENCARGOS SOCIAIS: 124,21% | B6: 0.0174 | C6: R
A7: Despesas Financeiras | B7: 0.0102 | C7: DF
A8: Lucro | B8: 0.0711 | C8: L
A9: COFINS | B9: 0.03 | C9: I
A10: PIS | B10: 0.0065
A11: ISS | B11: 0.03
A12: CPRB | B12: 0
B13: 0.2421
A14: 1 + 𝐴 + 𝐵 + 𝐶 × 1 + 𝐷 𝐵𝐷𝐼 = = 0,2421 (1 − 𝐸)
A15: * Parâmetros conforme (TCU 2622/2013)
B24: ____________________________________
B25: Murilo Bolognesi de Andrade
B26: Engenheiro Civil – CREA/SP: 5070640255
B27: Setor de Engenharia
B33: CARLOS HENRIQUE FORTES DEZENA
B34: PREFEITO MUNICÍPAL
